 Dungeon Crawl Stone Soup version 0.30-a0-149-g7f746667c4 (webtiles) character file.

Game seed: 34698781884862015

83866 greasedhog the Gelid (level 15, -7/92 HPs)
             Began as a Gargoyle Ice Elementalist on Sept 27, 2022.
             Was a High Priest of Vehumet.
             Mangled by a red ugly thing (23 damage)
             ... on level 13 of the Dungeon.
             The game lasted 00:57:43 (26874 turns).

greasedhog the Gelid (Gargoyle Ice Elementalist)   Turns: 26874, Time: 00:57:44

Health: -7/92      AC: 26    Str: 17    XL:     15   Next: 78%
Magic:  23/29      EV: 13    Int: 24    God:    Vehumet [*****.]
Gold:   1464       SH:  0    Dex: 10    Spells: 23/34 levels left

rFire   . . .      SeeInvis +    L - staff of cold
rCold   + . .      Faith    .    (no shield)
rNeg    + + +      Spirit   .    H - +0 steam dragon scales
rPois   ∞          Reflect  .    a - +2 hat
rElec   +          Harm     .    u - +2 cloak {Will+}
rCorr   +          Rampage  .    p - +0 pair of gloves
Will    ++...                    q - +0 pair of boots "Cuetog" {rN++ Str+3 Int+3 SInv}
Stlth   ++........               s - amulet of regeneration
HPRegen 1.05/turn                E - ring of see invisible
MPRegen 0.21/turn                A - ring of resist corrosion

@: freezing walls, flying
A: sickness immunity, AC +11, big wings, negative energy resistance 1,
electricity resistance, torment resistance 1, petrification resistance
a: Renounce Religion


You were on level 13 of the Dungeon.
You worshipped Vehumet.
Vehumet was extremely pleased with you.
You visited 4 branches of the dungeon, and saw 22 of its levels.
You also visited: Volcano.

You collected 2573 gold pieces.
You spent 1109 gold pieces at shops.

Inventory:

Hand Weapons
 x - the +11 whip "Ekaosk" {freeze, Will+}
   (You found it on level 5 of the Dungeon)

   It freezes those it strikes, dealing additional cold damage.
   It can also slow down cold-blooded creatures.
   Will:      It increases your willpower.
 R - the +3 mace of Turmoil {antimagic, rPois Str-4 Int+3}
   (You found it on level 5 of the Lair of Beasts)

   It reduces the magical energy of the wielder, and disrupts the spells and
   magical abilities of those it strikes.
   Natural abilities and divine invocations are not affected.
   Str:       It affects your strength (-4).
   Int:       It affects your intelligence (+3).
   rPois:     It protects you from poison.
Armour
 a - a +2 hat (worn)
 p - a +0 pair of gloves (worn)
 q - the +0 pair of boots "Cuetog" (worn) {rN++ Str+3 Int+3 SInv}
   (You acquired it on level 4 of the Dungeon)

   Str:       It affects your strength (+3).
   Int:       It affects your intelligence (+3).
   rN:        It greatly protects you from negative energy.
   SInv:      It lets you see invisible.
 u - a +2 cloak of willpower (worn)
 H - +0 steam dragon scales (worn)
 N - a +1 cloak of fire resistance
Magical Staves
 L - a staff of cold (weapon)
Jewellery
 s - an amulet of regeneration (around neck)
 A - a ring of resist corrosion (right hand)
 E - a ring of see invisible (left hand)
 G - the ring "Opitima" {Fire Dex+10}
   (You found it on level 9 of the Dungeon)

   [ring of fire]

   It enhances your fire magic.
   Dex:       It affects your dexterity (+10).
   rF:        It protects you from fire.
   rC:        It makes you vulnerable to cold.
 S - a ring of willpower
 U - a ring of magical power
Wands
 h - a wand of light (9)
 w - a wand of paralysis (12)
 z - a wand of polymorph (11)
 B - a wand of roots (13)
 V - a wand of mindburst (2)
Scrolls
 d - 9 scrolls of teleportation
 g - 2 scrolls of fog
 i - 4 scrolls of magic mapping
 j - 3 scrolls of torment
 m - 6 scrolls of poison
 o - 4 scrolls of amnesia
 r - 4 scrolls of blinking
 C - 2 scrolls of vulnerability
 O - a scroll of summoning
 T - 2 scrolls of fear
Potions
 b - 4 potions of magic
 c - 5 potions of curing
 e - 8 potions of mutation
 f - 6 potions of flight
 k - 4 potions of lignification
 l - 4 potions of heal wounds
 t - 2 potions of resistance
 v - 6 potions of attraction
 D - 2 potions of cancellation {unknown}
 F - 3 potions of haste
 I - 3 potions of invisibility {unknown}
 J - a potion of berserk rage {unknown}
 Q - 2 potions of might


   Skills:
 - Level 10.0 Fighting
 * Level 8.1 Staves
 * Level 9.3 Armour
 - Level 5.0 Dodging
 - Level 2.1 Stealth
 - Level 10.0 Spellcasting
 * Level 13.2 Conjurations
 * Level 16.2 Ice Magic
 - Level 5.0 Evocations


You had 23 spell levels left.
You knew the following spells:

 Your Spells              Type           Power      Damage    Failure   Level
a - Freeze                Ice            100%       1d11      0%          1
b - Frozen Ramparts       Ice            100%       1d16      0%          3
c - Ozocubu's Armour      Ice            94%        N/A       1%          3
d - Hailstorm             Conj/Ice       89%        3d18      1%          4

Your spell library contained the following spells:

 Spells                   Type           Power      Damage    Failure   Level
 Yara's Violent Unravell  Hex/Tmut       6%         3d5       34%         5
 Magic Dart               Conj           100%       1d8       0%          1
 Sandblast                Erth           24%        2d8       1%          1
 Shock                    Conj/Air       100%       1d9       1%          1
 Ensorcelled Hibernation  Hex/Ice        100%       N/A       1%          2
 Static Discharge         Conj/Air       86%        2-6/arc   1%          2
 Mephitic Cloud           Conj/Pois/Air  33%        N/A       1%          3
 Stone Arrow              Conj/Erth      86%        3d12      1%          3
 Sticky Flame             Conj/Fire      43%        2d6       1%          4
 Poisonous Vapours        Pois/Air       24%        N/A       2%          2
 Irradiate                Conj/Tmut      21%        3d18      2%          5
 Apportation              Tloc           24%        N/A       5%          1
 Sting                    Tmut/Pois      48%        1d5       5%          1
 Call Imp                 Summ           12%        N/A       8%          2
 Passwall                 Tmut/Erth      10%        N/A       8%          2
 Airstrike                Air            6%         2d(1-17)  13%         4
 Olgreb's Toxic Radiance  Pois           12%        N/A       13%         4
 Conjure Ball Lightning   Conj/Air       21%        3x3d6     14%         6
 Gell's Gravitas          Tloc           12%        N/A       16%         3
 Portal Projectile        Hex/Tloc       24%        N/A       16%         3
 Swiftness                Air            12%        N/A       16%         3
 Teleport Other           Tloc           12%        N/A       16%         3
 Tukima's Dance           Hex            12%        N/A       16%         3
 Dispel Undead            Necr           12%        3d9       45%         4
 Petrify                  Tmut/Erth      12%        N/A       45%         4
 Alistair's Intoxication  Tmut/Pois      8%         N/A       82%         5
 Blade Hands              Tmut           6%         N/A       82%         5
 Dispersal                Tloc           6%         N/A       100%        6
 Discord                  Hex            6%         N/A       100%        8
 Disjunction              Tloc           6%         N/A       100%        8
 Sublimation of Blood     Necr           Unusable   N/A       N/A         2

Dungeon Overview and Level Annotations

Branches:
Dungeon (14/15)            Temple (1/1) D:5            Lair (5/5) D:9
  Swamp (0/4) Lair:2        Snake (0/4) Lair:3        Slime (0/5) Lair:5
    Orc (2/2) D:11            Elf (0/3) Orc:2        Vaults (0/5) D:13
Volcano (visited)

Altars:
Ashenzari
Cheibriados
Dithmenos
Elyvilon
Fedhas
Gozag
Hepliaklqana
Kikubaaqudgha
Makhleb
Nemelex Xobeh
Okawaru
Qazlal
Ru
Sif Muna
Trog
Uskayaw
Vehumet
Wu Jian
Xom
Yredelemnul
Zin
The Shining One
Jiyva
Lugonu

Shops:
D:12 ?   D:13 =   Orc:2 (*!!

Portals:
Abyss: D:6 D:8

Annotations:
D:6 2 transporters, lunkers's ghost, novice MeFi
D:8 1 runed translucent door, HypermagicGuardian's ghost, novice HOFi
Lair:2 3 runed translucent doors, Pooter's ghost, journeyman DsBe; lunkers's ghost, journeyman MeFi; ravioli's ghost, journeyman OpEE


Innate Abilities, Weirdness & Mutations

You are immune to sickness and miasma.
Your stone body is resilient. (AC +11)
You are immune to poison.
Your large and strong wings let you fly.
You resist negative energy. (rN+)
You are resistant to electric shocks. (rElec)
You are resistant to unholy torment.
You are immune to petrification.


Message History

You start resting.
Your icy armour evaporates.
You start resting.
HP restored.
Magic restored.
Done exploring.
Done exploring.
You fly downwards.
The red ugly thing bites you but does no damage. x2
There is a stone staircase leading up here.
A red ugly thing is nearby!
You feel a surge of power!
You freeze the red ugly thing.
The red ugly thing is lightly wounded.
The red ugly thing bites you!
You are engulfed in flames!
You feel a surge of power!
You freeze the red ugly thing.
The red ugly thing is lightly wounded.
The red ugly thing completely misses you.
You feel a surge of power!
You freeze the red ugly thing.
The red ugly thing is lightly wounded.
The red ugly thing bites you but does no damage.
You feel a surge of power!
You freeze the red ugly thing!
The red ugly thing is moderately wounded.
The red ugly thing bites you.
You are engulfed in flames!!
You are too injured to fight recklessly!
You are too injured to fight recklessly!
The red ugly thing bites you!
You are engulfed in flames!
* * * LOW HITPOINT WARNING * * *
You fly upwards.
There is a stone staircase leading down here.
Casting: Freeze (safe; 0% risk of failure)
Confirm with . or Enter, or press ? or * to list all spells.
Casting: Frozen Ramparts (safe; 0% risk of failure)
Press: ? - help, Dir - look around, f - activate A stone staircase leading down.
You feel a surge of power!
The walls around you are covered in ice.
The wall freezes the red ugly thing.
The red ugly thing bites you!
* * * LOW HITPOINT WARNING * * *
You are engulfed in flames!!
You die...

...##...####.#..........#
..####.## ####........## ...#####
#.##..##...# ....##
#.....##.###### .....####
#..##.....###.##
........#####.###..#...#...#####
.....##.##....##..##.......#.#.##
....##..#...#.##†.###.....#.....#
...###......####@†.##...#.##...##
..####.<........u.#.#..##......##
...##.##...##....##.).##........#
..##...#..##........#.#..##......
.##......##..#####...#####......#
###..........#.'.#...#...#.....##
^##.......[.##.#.#...#...#[.....#
##........####.#.#...#...#.......
##........##...#.#...')∩.#.......


You could see a red ugly thing.

Vanquished Creatures
  An orc warlord (D:11)
  Snorg (Orc:1)
  2 ettins
  3 hydras
  3 centaur warriors (D:13)
  3 catoblepae (Lair:5)
  7 two-headed ogres
  14 death yaks (Lair:5)
  4 orc high priests (Orc:2)
  A sun demon (Volcano)
  A hell knight (Volcano)
  An obsidian statue (Volcano)
  Pikel (D:5)
  A wizard (D:13)
  3 orc sorcerers
  A deep elf pyromancer (D:13)
  A salamander (Lair:4)
  5 cyclopes
  5 manticores
  10 ugly things
  8 slime creatures
  3 black mambas
  15 elephants
  A molten gargoyle (Lair:4)
  12 cane toads
  3 gargoyles (D:12)
  2 unseen horrors
  2 kobold demonologists (D:8)
  7 komodo dragons
  11 trolls
  A red devil (Volcano)
  Grinder (D:4)
  A hornet (D:9)
  3 polar bears
  3 tyrant leeches (Lair:2)
  19 blink frogs
  12 dream sheep (Lair:5)
  A centaur simulacrum (D:11)
  Sigmund (D:6)
  3 shadows
  5 vampires
  A wraith (D:10)
  49 yaks
  4 wyverns
  4 vampire mosquitoes
  2 basilisks
  10 fire bats
  A steam dragon (D:9)
  4 acid dragons
  A hell hound (Volcano)
  7 nagas (Lair:3)
  9 water moccasins
  23 orc warriors
  A sky beast (D:8)
  3 black bears
  3 ice beasts
  7 ogres
  2 wolves (Lair:2)
  5 boggarts (D:12)
  15 centaurs
  7 phantoms
  2 lemures (D:5)
  6 kobold brigands
  3 gnoll sergeants
  16 bullfrogs
  3 scorpions
  Blork the orc (D:4)
  2 necrophages
  4 wights (D:7)
  4 killer bees (D:8)
  A howler monkey (D:9)
  2 electric eels
  6 lava snakes (Volcano)
  3 jellies
  2 gnoll boudas
  28 orc priests
  Crazy Yiuf (D:5)
  3 hounds
  5 iguanas
  33 orc wizards
  Ijyb (D:5)
  30 gnolls
  11 adders
  2 shadow imps
  3 white imps
  3 ufetubi
  A worm (D:2)
  3 dart slugs
  52 orcs
  5 endoplasms
  4 giant cockroaches
  8 goblins
  4 hobgoblins
  3 jackals (D:5)
  10 kobolds
  5 quokkas
  9 ball pythons
  2 bats
  2 frilled lizards (D:1)
  A rat (D:3)
  A fire vortex (Lair:4)
625 creatures vanquished.

Vanquished Creatures (others)
  An orc (Orc:1)
  A bush (Lair:3)
  26 fungi
  33 plants
  4 withered plants (Lair:2)
65 creatures vanquished.

Grand Total: 690 creatures vanquished

Notes
Turn   | Place    | Note
-------+----------+-------------------------------------------
     0 | D:1      | greasedhog the Gargoyle Ice Elementalist began the quest
                  | for the Orb.
     0 | D:1      | Reached XP level 1. HP: 10/10 MP: 3/3
   255 | D:1      | Reached XP level 2. HP: 15/15 MP: 1/5
   651 | D:1      | Reached XP level 3. HP: 19/19 MP: 3/6
   655 | D:1      | Learned a level 3 spell: Frozen Ramparts
   659 | D:1      | Learned a level 3 spell: Ozocubu's Armour
  1728 | D:2      | Found a faded altar of an unknown god.
  1864 | D:2      | Reached XP level 4. HP: 22/24 MP: 6/8
  2169 | D:3      | Reached skill level 5 in Ice Magic
  2450 | D:3      | Reached XP level 5. HP: 22/28 MP: 3/10
  2687 | D:3      | Learned a level 4 spell: Hailstorm
  3223 | D:4      | Noticed a water moccasin
  3250 | D:4      | Killed a water moccasin
  3251 | D:4      | Reached skill level 6 in Ice Magic
  3251 | D:4      | Reached XP level 6. HP: 32/32 MP: 5/12
  3631 | D:4      | Identified a scroll of acquirement
  3634 | D:4      | Acquired the +0 pair of boots "Cuetog" {rN++ Str+3 Int+3
                  | SInv}
  3670 | D:4      | Reached XP level 7. HP: 27/36 MP: 8/14
  3791 | D:4      | Noticed Blork the orc
  3795 | D:4      | Noticed Grinder
  3796 | D:4      | Reached skill level 5 in Spellcasting
  3814 | D:4      | Killed Blork the orc
  3824 | D:4      | Paralysed by Grinder for 2 turns
  3831 | D:4      | Paralysed by Grinder for 4 turns
  3851 | D:4      | Paralysed by Grinder for 5 turns
  3886 | D:4      | Paralysed by Grinder for 4 turns
  3900 | D:4      | Killed Grinder
  3901 | D:4      | Reached skill level 7 in Ice Magic
  4331 | D:4      | Reached skill level 1 in Fighting
  4331 | D:4      | Reached skill level 1 in Conjurations
  4526 | D:5      | Entered Level 5 of the Dungeon
  4563 | D:5      | Reached XP level 8. HP: 43/43 MP: 12/16
  5218 | D:5      | Found a runed translucent door.
  5219 | D:5      | Noticed Crazy Yiuf
  5225 | D:5      | Killed Crazy Yiuf
  5585 | D:5      | Reached skill level 8 in Ice Magic
  5837 | D:5      | Noticed Ijyb
  5849 | D:5      | Killed Ijyb
  5857 | D:5      | Identified the +11 whip "Ekaosk" {freeze, Will+}
  6037 | D:5      | Noticed Pikel
  6051 | D:5      | Killed Pikel
  6052 | D:5      | Reached XP level 9. HP: 48/53 MP: 11/17
  6127 | D:5      | Found a staircase to the Ecumenical Temple.
  6131 | D:5      | Reached skill level 5 in Conjurations
  6150 | Temple   | Entered the Ecumenical Temple
  6246 | Temple   | Became a worshipper of Vehumet
  6383 | D:5      | Reached skill level 5 in Fighting
  6454 | D:5      | Reached skill level 1 in Armour
  6492 | D:5      | Reached skill level 9 in Ice Magic
  6792 | D:6      | Reached * piety under Vehumet
  6792 | D:6      | Offered knowledge of Sandblast by Vehumet.
  7043 | D:6      | Noticed Sigmund
  7055 | D:6      | Killed Sigmund
  7068 | D:6      | Reached XP level 10. HP: 55/59 MP: 18/18
  7103 | D:6      | Found a one-way gate to the infinite horrors of the Abyss.
  7103 | D:6      | Noticed lunkers's ghost (novice MeFi)
  7328 | D:6      | Found a transporter.
  7357 | D:6      | Found a transporter.
  7760 | D:7      | Found a snail-covered altar of Cheibriados.
  7814 | D:7      | Reached skill level 5 in Armour
  7955 | D:7      | Found an iron altar of Okawaru.
  7959 | D:7      | Offered knowledge of Scorch by Vehumet.
  7959 | D:7      | Reached ** piety under Vehumet
  7968 | D:7      | Reached skill level 10 in Ice Magic
  8353 | D:8      | Identified the +7 war axe of Gallantry {elec, *Corrode
                  | Int+5}
  8376 | D:8      | Noticed a two-headed ogre
  8386 | D:8      | Killed a two-headed ogre
  8545 | D:8      | Found a large runed translucent door.
  8548 | D:8      | Found a large runed translucent door.
  8728 | D:8      | Noticed an unseen horror
  8731 | D:8      | Killed an unseen horror
  8770 | D:8      | Noticed a kobold demonologist
  8770 | D:8      | Noticed a red ugly thing
  8771 | D:8      | Noticed a kobold demonologist
  8993 | D:8      | Found a runed translucent door.
  8995 | D:8      | Found a shimmering altar of Xom.
  8995 | D:8      | Noticed HypermagicGuardian's ghost (novice HOFi)
  9001 | D:8      | Noticed a +1 whip of chaos
  9211 | D:8      | Noticed a brown ugly thing
  9211 | D:8      | Found a corrupted altar of Lugonu.
  9500 | D:8      | Killed a kobold demonologist
  9501 | D:8      | Killed a kobold demonologist
  9504 | D:8      | Killed a brown ugly thing
  9505 | D:8      | Reached XP level 11. HP: 48/63 MP: 5/19
  9517 | D:8      | Offered knowledge of Stone Arrow by Vehumet.
  9518 | D:8      | Reached skill level 11 in Ice Magic
  9520 | D:8      | Killed a red ugly thing
 10082 | D:9      | Found a staircase to the Lair.
 10238 | D:9      | Identified the ring "Opitima" {Fire Dex+10}
 10260 | D:9      | Reached *** piety under Vehumet
 10549 | D:10     | Entered Level 10 of the Dungeon
 10567 | D:10     | Noticed a two-headed ogre
 10587 | D:10     | Killed a two-headed ogre
 10588 | D:10     | Reached skill level 5 in Dodging
 10796 | D:10     | Noticed a two-headed ogre
 10805 | D:10     | Killed a two-headed ogre
 10806 | D:10     | Reached skill level 10 in Conjurations
 11007 | D:10     | Found a sparkling altar of Nemelex Xobeh.
 11121 | D:10     | Found a shimmering altar of Xom.
 11122 | D:10     | Found a shimmering blue altar of Sif Muna.
 11668 | Lair:1   | Entered Level 1 of the Lair of Beasts
 11875 | Lair:1   | Reached skill level 1 in Evocations
 12062 | Lair:1   | Reached skill level 12 in Ice Magic
 12374 | Lair:1   | Reached XP level 12. HP: 67/68 MP: 14/22
 13451 | Lair:2   | Found a runed translucent gate.
 13452 | Lair:2   | Found a runed translucent gate.
 13454 | Lair:2   | Found a runed translucent gate.
 13465 | Lair:2   | Noticed lunkers's ghost (journeyman MeFi)
 13465 | Lair:2   | Noticed ravioli's ghost (journeyman OpEE)
 13465 | Lair:2   | Noticed Pooter's ghost (journeyman DsBe)
 13747 | Lair:2   | Found a staircase to the Swamp.
 14308 | Lair:2   | Reached skill level 5 in Evocations
 14951 | Lair:3   | Offered knowledge of Kindle Blastsparks by Vehumet.
 15050 | Lair:3   | Reached skill level 13 in Ice Magic
 15995 | Lair:3   | Reached XP level 13. HP: 48/76 MP: 3/25
 16235 | Lair:3   | Found a staircase to the Snake Pit.
 17056 | Lair:4   | Reached **** piety under Vehumet
 17161 | Lair:4   | You fall into a shaft and drop 1 floor!
 17161 | Lair:5   | Entered Level 5 of the Lair of Beasts
 17161 | Lair:5   | Found a dark tunnel.
 17165 | Lair:5   | Offered knowledge of Fulminant Prism by Vehumet.
 17216 | Volcano  | Entered a volcano
 17442 | Volcano  | Reached skill level 14 in Ice Magic
 17487 | Volcano  | Found a bloodstained altar of Trog.
 18184 | Lair:4   | Reached skill level 10 in Spellcasting
 18795 | Lair:5   | Identified the +3 mace of Turmoil {antimagic, rPois Str-4
                  | Int+3}
 18831 | Lair:5   | Reached skill level 1 in Staves
 18926 | Lair:5   | Found a viscous altar of Jiyva.
 18926 | Lair:5   | Found a staircase to the Slime Pits.
 18930 | Lair:5   | Reached ***** piety under Vehumet
 18933 | Lair:5   | Offered knowledge of Arcjolt by Vehumet.
 19248 | Lair:5   | Gained mutation: Your large and strong wings let you fly.
                  | [Gargoyle growth]
 19248 | Lair:5   | Reached XP level 14. HP: 19/86 MP: 7/28
 19249 | Lair:5   | HP: 3/86 [death yak (18)]
 19750 | Lair:5   | Reached skill level 10 in Fighting
 19958 | Lair:5   | Reached skill level 15 in Ice Magic
 20078 | Lair:5   | Reached skill level 5 in Staves
 20282 | Lair:5   | Identified the +2 mace "Lenuluil" {drain, rN+}
 21765 | D:11     | Found a bloodstained altar of Trog.
 21909 | D:11     | Found a staircase to the Orcish Mines.
 22084 | Orc:1    | Entered Level 1 of the Orcish Mines
 22088 | Orc:1    | Noticed an orc warlord
 22091 | Orc:1    | Offered knowledge of Eringya's Noxious Bog by Vehumet.
 22146 | D:11     | Killed an orc warlord
 22641 | Orc:1    | Noticed Snorg
 22651 | Orc:1    | Killed Snorg
 22652 | Orc:1    | Reached XP level 15. HP: 92/92 MP: 15/29
 23160 | Orc:2    | Entered Level 2 of the Orcish Mines
 23739 | Orc:2    | Offered knowledge of Yara's Violent Unravelling by Vehumet.
 23796 | Orc:2    | Found Zeej Kod's Distillery.
 23796 | Orc:2    | Found Lorae's Antique Weapon Shoppe.
 23796 | Orc:2    | Found Gumut's Assorted Antiques.
 23888 | Orc:2    | Found Iptimnyl's Distillery.
 23910 | Orc:2    | Bought a potion of degeneration for 14 gold pieces
 23929 | Orc:2    | Bought a scroll of blinking for 180 gold pieces
 23929 | Orc:2    | Bought a potion of lignification for 72 gold pieces
 23929 | Orc:2    | Bought a scroll of identify for 48 gold pieces
 23929 | Orc:2    | Bought a potion of heal wounds for 120 gold pieces
 23929 | Orc:2    | Bought a scroll of blinking for 180 gold pieces
 23929 | Orc:2    | Bought a potion of heal wounds for 120 gold pieces
 23930 | Orc:2    | Bought a potion of might for 68 gold pieces
 23930 | Orc:2    | Bought a potion of haste for 170 gold pieces
 24087 | Orc:2    | Found a staircase to the Elven Halls.
 24530 | D:12     | Found Xatu's Magic Scroll Shop.
 24537 | D:12     | Bought a scroll of identify for 22 gold pieces
 24537 | D:12     | Bought a scroll of noise for 11 gold pieces
 24537 | D:12     | Bought a scroll of identify for 22 gold pieces
 24537 | D:12     | Bought a scroll of enchant armour for 82 gold pieces
 25494 | D:13     | Found a gate to the Vaults.
 25757 | D:13     | Reached skill level 16 in Ice Magic
 26059 | D:13     | Found Noel Cerph's Jewellery Shop.
 26874 | D:13     | Mangled by a red ugly thing

Illustrated notes

Levels and vault maps discovered:
D:1:      tarquinn_simple_flora_water_f, layout_basic, nicolae_grassy_gnolls
D:2:      layout_loops_cross, shapermc_ecumenical_altar_totnotflames
D:3:      layout_rooms, grunt_ministairs_11
D:4:      layout_basic, minmay_stone_trees_small, grunt_tough_drop,
          uniq_grinder, uniq_blork_the_orc
D:5:      layout_basic, minmay_temple_entry_offerings, serial_co_window_serial,
          co_window_paths_a, co_window_paths_a, co_window_corner_a,
          co_window_corner_a, co_window_paths_a, co_window_corner_a,
          co_window_broadway_c, co_window_corner_b, co_window_paths_c,
          co_window_corner_cb, co_window_of_opportunity_b, co_window_paths_e,
          glass_columns_c, glass_columns_b, glass_columns_c, glass_columns_a,
          glass_columns_b, minmay_joined_circles, uniq_pikel,
          uniq_crazy_yiuf_cottage, uniq_ijyb
D:6:      layout_basic, gammafunk_ghost_abyssal_escape, uniq_sigmund
D:7:      layout_cave_pools, okawaru_gym_becter, mainiacjoe_overflow_boulevard
D:8:      due_chaos_kobolds, layout_basic, ebering_ghost_xom
D:9:      layout_long_grid, dpeg_oklobed_lair
D:10:     layout_basic, minitemple
D:11:     layout_stronghold, orc_0_dummy, serial_ice, serial_ice_c,
          serial_ice_l, serial_ice_g, serial_ice_a, trog_hazing_becter
D:12:     layout_loops_ring, serial_shops, shop, grunt_decor_arrowhead,
          st_stairs_3
D:13:     layout_cave_pools, david_vaults_1, serial_shops, shop, kennysheep_nub,
          st_stairs_1, nicolae_figureground_pulse
D:14:     layout_roguey, uniq_rupert
Temple:   minmay_temple_bridge_d
Lair:1:   layout_regular_city, serial_forest, infiniplex_forest_end_3,
          infiniplex_forest_lined_2, infiniplex_forest_corner_2,
          infiniplex_forest_clump_tiny, infiniplex_forest_straight_4,
          infiniplex_forest_end_3, grunt_megastairs_5
Lair:2:   layout_long_grid, minmay_swamp_entry_worms, gammafunk_ghost_cemetery,
          beast_lair_carwin_1, infiniplex_staircase_pool
Lair:3:   layout_cave_pods, minmay_snake_entry_guardpost_medium
Lair:4:   layout_gridlike, lemuel_fruit_fields
Lair:5:   evilmike_catoblepas_cave, layout_regular_city,
          dpeg_slime_entry_enclosed, nicolae_volcano_entry_batcave, minivault_26
Orc:1:    layout_caves, basic_altar, uniq_snorg
Orc:2:    st_orc_mages, layout_caves

Skill      XL: |  1  2  3  4  5  6  7  8  9 10 11 12 13 14 15 |
---------------+----------------------------------------------+-----
Spellcasting   | 3 4 5 6 8 10 | 10.0
Ice Magic      | 5 6 7 8 9 10 12 13 14 15 16 | 16.2
Fighting       | 1 4 5 6 9 10 | 10.0
Conjurations   | 1 4 6 9 10 12 13 | 13.2
Armour         | 4 5 7 9 |  9.3
Dodging        | 4 5 |  5.0
Evocations     | 3 5 |  5.0
Staves         | 2 6 8 |  8.1
Stealth        | |  2.1

Action                   |  1- 3 |  4- 6 |  7- 9 | 10-12 | 13-15 || total
-------------------------+-------+-------+-------+-------+-------++-------
Melee: Unarmed           |     2 |       |       |       |       ||     2
       Mace              |     2 |       |       |       |     7 ||     9
       Dagger            |     6 |    80 |   127 |       |       ||   213
       Punch             |       |     1 |     2 |     5 |     8 ||    16
       Whip              |       |       |    83 |   147 |    20 ||   250
       Staff             |       |       |       |    75 |   423 ||   498
 Cast: Freeze            |    42 |    11 |    18 |   105 |   302 ||   478
       Frozen Ramparts   |       |    13 |    22 |    48 |    76 ||   159
       Ozocubu's Armour  |       |     6 |    13 |    27 |    53 ||    99
       Hailstorm         |       |       |       |    40 |   162 ||   202
Evoke: Wand              |       |       |       |       |     7 ||     7
  Use: Scroll            |     1 |     5 |     5 |     6 |    10 ||    27
       Potion            |       |       |     2 |     3 |     1 ||     6
 Stab: Sleeping          |     1 |     2 |     1 |     1 |       ||     5
Armor: Robe              |     8 |    41 |    96 |    70 |       ||   215
       Steam dragon scal |       |       |       |   130 |   606 ||   736
Dodge: Dodged            |    17 |    68 |   160 |   289 |   587 ||  1121

Table legend: (Time is in decaauts)
 A = Elapsed time spent in this place.
 B = Non-inter-level travel time spent in this place.
 C = Inter-level travel time spent in this place.
 D = Time resting spent in this place.
 E = Time spent auto-exploring this place.
 F = Levels seen in this place.
 G = Mean time per level.
                   A        B        C        D        E       F      G
               +--------+--------+--------+--------+--------+-----+--------+
         Total |  26894 |  25871 |   1023 |   5017 |  16590 |  23 | 1169.3 |
       Dungeon |  15455 |  14870 |    585 |   2102 |  10255 |  14 | 1103.9 |
        Temple |    169 |     67 |    102 |      0 |     59 |   1 |  169.0 |
          Lair |   8592 |   8332 |    260 |   2070 |   5081 |   5 | 1718.4 |
  Orcish Mines |   2070 |   1995 |     75 |    593 |    996 |   2 | 1035.0 |
       Volcano |    607 |    607 |      0 |    252 |    199 |   1 |  607.0 |
               +--------+--------+--------+--------+--------+-----+--------+

Top non-repeatable levels by time:
  Lair:5: 2255 daAuts
     D:5: 1885 daAuts
  Lair:3: 1767 daAuts
  Lair:1: 1691 daAuts
  Lair:2: 1629 daAuts
     D:8: 1509 daAuts
    D:13: 1475 daAuts
     D:4: 1417 daAuts
    D:11: 1331 daAuts
   Orc:1: 1248 daAuts
  Lair:4: 1246 daAuts
     D:1: 1138 daAuts
    D:10: 1131 daAuts
     D:6: 1113 daAuts
    D:12: 1067 daAuts
